 Dungeon Crawl Stone Soup version 0.31.0-12-g77e489cdc1 (webtiles) character file.

Game seed: 1839188420540012772

74 PriceMaster the Covered (level 4, -1/40 HPs)
             Began as a Minotaur Fighter on Feb 16, 2024.
             Slain by an ice beast (15 damage)
             ... on level 3 of the Dungeon.
             The game lasted 00:01:47 (1097 turns).

PriceMaster the Covered (Minotaur Fighter)          Turns: 1097, Time: 00:01:48

Health: -1/40      AC:  7    Str: 22    XL:     4   Next: 10%
Magic:  3/3        EV:  9    Int:  5    God:
Gold:   147        SH:  4    Dex: 10    Spells: 3/3 levels left

rFire   + . .        a - +0 long sword (freeze)
rCold   x . .        c - +0 buckler
rNeg    . . .        b - +0 scale mail
rPois   .            (helmet restricted)
rElec   .            (no cloak)
rCorr   .            (no gloves)
SInv    .            (no boots)
Will    .....        (no amulet) Stlth
                     h - ring of fire
HPRegen 0.26/turn    (no ring)
MPRegen 0.08/turn

%: no passive effects
@: weak-willed
A: horns 2, retaliatory headbutt
a: no special abilities


You were on level 3 of the Dungeon.
You visited 1 branch of the dungeon, and saw 3 of its levels.

You collected 147 gold pieces.

Inventory:

Hand Weapons
 a - a +0 long sword of freezing (weapon)
Missiles
 g - a throwing net (quivered)
Armour
 b - a +0 scale mail (worn)
 c - a +0 buckler (worn)
 d - a +0 chain mail
Jewellery
 h - a ring of fire (left hand)
Scrolls
 l - a scroll of butterflies {unknown}


   Skills:
 + Level 4.2 Fighting
 + Level 3.2 Long Blades
 + Level 4.5 Armour
 + Level 0.7 Dodging
 + Level 4.2 Shields


You had 3 spell levels left.
You didn't know any spells.
Your spell library was empty.

Dungeon Overview and Level Annotations

Branches:
Dungeon (3/15)

Altars:

Shops:
D:1 [


Innate Abilities, Weirdness & Mutations

You have a pair of horns on your head.
You reflexively headbutt those who attack you in melee.


Message History

The orc is moderately wounded.
The orc hits you but does no damage. The ice beast closely misses you.
You closely miss the orc.
The orc is moderately wounded.
The orc barely misses you. The ice beast closely misses you.
You furiously retaliate!
You headbutt the ice beast. You hit the orc.
You kill the orc!
The ice beast hits you. The ice beast freezes you!
You feel a terrible chill!
* * * LOW HITPOINT WARNING * * *
The hobgoblin hits you.
* * * LOW HITPOINT WARNING * * *
The ice beast hits you but does no damage.
As you read the scroll labelled GIEVIERUPPY, it crumbles to dust.
A wave of despondency washes over your surroundings.
It was a scroll of vulnerability.
You block the hobgoblin's attack. You block the ice beast's attack.
As you read the scroll labelled AKEORA AHONGUMM, it crumbles to dust.
It is a scroll of brand weapon.
Your +0 long sword is covered with a thin layer of ice!
a - a +0 long sword of freezing (weapon)
The hobgoblin hits you but does no damage.
The ice beast closely misses you.
It was a potion of magic.
Magic courses through your body. The hobgoblin barely misses you.
You block the ice beast's attack.
It was a potion of curing.
You feel better. The hobgoblin barely misses you.
You block the ice beast's attack.
You barely miss the hobgoblin. You headbutt the hobgoblin.
You kill the hobgoblin!
The ice beast hits you but does no damage.
Items here: ) [ ††.
The ice beast attacks as it pursues you!
The ice beast hits you but does no damage.
The ice beast attacks as it pursues you!
You block the ice beast's attack.
Found a stone staircase leading down.
Okay, then.
The ice beast attacks as it pursues you!
The ice beast hits you. The ice beast freezes you!
You feel a terrible chill!
You die...

#g............
#†##.##.(.....
#####g#...........
#..)S.#.##...#####
#g#####.###....... #S#
###.#...###### #.#
#.............
#######Y###.#.#.#...###.
#......@....# #....$.#
#>#####.###.# #.#.<.##
#.# #.##†## #.# . #)#
#.# ## #.# #.. #.....#
### #.##...... #.
###.### #? .#


You could see an ice beast (weak-willed), an adder (weak-willed) and a goblin
(weak-willed).

Vanquished Creatures
  A gnoll (D:1)
  A dart slug (D:1)
  An orc (D:3)
  3 endoplasms
  2 giant cockroaches
  6 goblins
  6 hobgoblins
  4 jackals (D:1)
  A quokka (D:2)
  7 ball pythons
  7 bats
  5 frilled lizards
  7 kobolds
  6 rats
57 creatures vanquished.

Notes
Turn   | Place    | Note
-------+----------+-------------------------------------------
     0 | D:1      | PriceMaster the Minotaur Fighter began the quest for the
                  | Orb.
     0 | D:1      | Reached XP level 1. HP: 19/19 MP: 0/0
    22 | D:1      | Reached XP level 2. HP: 7/27 MP: 1/1
   199 | D:1      | Reached XP level 3. HP: 31/33 MP: 2/2
   212 | D:1      | Found Foagud's Antique Armour Boutique.
   933 | D:2      | Reached XP level 4. HP: 40/40 MP: 3/3
  1045 | D:3      | Noticed an ice beast
  1097 | D:3      | Slain by an ice beast

Illustrated notes

Levels and vault maps discovered:
D:1:      onia_arrival_pyramid, layout_rooms, serial_shops,
          nicolae_shop_behind_doors
D:2:      minmay_kobold_bridge, layout_basic, minmay_circle_x
D:3:      layout_loops_ring, minmay_misc_feat_rows, st_stairs_7,
          kennysheep_flooded_box

Skill      XL: |  1  2  3 |
---------------+----------+-----
Fighting       | 4 |  4.2
Armour         | 4 |  4.5
Shields        | 4 |  4.2
Long Blades    | 3 |  3.2
Dodging        | |  0.7

Action                     |  1- 3 |  4- 6 || total
---------------------------+-------+-------++-------
  Melee: Long sword        |    91 |    16 ||   107
         Headbutt          |    13 |     3 ||    16
    Use: Potion            |     1 |     3 ||     4
         Scroll            |       |     2 ||     2
   Stab: Invisible         |       |     1 ||     1
 Armour: Scale mail        |    76 |    22 ||    98
  Dodge: Dodged            |    84 |    12 ||    96
  Block: Buckler           |    32 |    10 ||    42
